 Dungeon Crawl Stone Soup version 0.17-a0-1646-geb1493d (webtiles) character file.

107 zamu the Slasher (level 4, -3/28 HPs)
             Began as a Tengu Berserker on Aug 10, 2015.
             Was a Follower of Fedhas.
             Slain by a black bear (4 damage)
             ... created by the rage of Trog
             ... on level 2 of the Dungeon.
             The game lasted 00:11:31 (1623 turns).

zamu the Slasher (Tengu Berserker)                  Turns: 1623, Time: 00:11:31

Health: -3/28      AC:  6    Str: 17    XL:     4   Next: 86%
Magic:  5/5        EV: 11    Int:  7    God:    Fedhas [*.....]
Gold:   80         SH:  0    Dex: 15    Spells: 0 memorised, 3 levels left

rFire  . . .     SeeInvis .     u - +0 trident (venom)
rCold  . . .     Clarity  .     w - +0 scale mail
rNeg   . . .     SustAt   .     (no shield)
rPois  .         Gourm    .     (helmet restricted)
rElec  .         Spirit   .     (no cloak)
rCorr  .         Warding  .     (no gloves)
rMut   .         Stasis   .     (boots unavailable)
MR     .....                    l - amulet of faith
Stlth  +.........               (no ring)
                                (no ring)

@: not resistant to hostile enchantments, very unstealthy
A: beak, talons 3
a: Evolution, Renounce Religion


You were on level 2 of the Dungeon.
You worshipped Fedhas.
Fedhas was aware of your devotion.
You were not hungry.

You visited 1 branch of the dungeon, and saw 2 of its levels.

You collected 80 gold pieces.

Inventory:

Hand weapons
 a - a +0 falchion
 k - a +0 falchion
 t - a +0 hunting sling
 u - a +0 trident of venom (weapon)
Missiles
 o - 74 stones (quivered)
Armour
 b - a +0 animal skin
 s - a +0 chain mail
 w - a +0 scale mail (worn)
Jewellery
 l - an amulet of faith (around neck)
Magical devices
 p - a wand of confusion (18)
Scrolls
 e - a scroll of identify
 i - a scroll of remove curse
 j - a scroll of magic mapping {unknown}
 q - a scroll of amnesia {unknown}
 r - a scroll of recharging {unknown}
 v - a scroll of fog {unknown}
Potions
 g - 2 potions of agility
 h - a potion of brilliance {unknown}
 n - a potion of magic
Comestibles
 c - 3 bread rations
 d - a beef jerky
 f - a slice of pizza
 m - a meat ration


   Skills:
 + Level 3.1 Fighting
 - Level 4.2 Long Blades
 + Level 0.4 Polearms
 - Level 2.1 Armour
 + Level 3.3 Dodging
 + Level 2.4 Stealth


You had 3 spell levels left.
You didn't know any spells.

Dungeon Overview and Level Annotations

Branches:
Dungeon (2/15)

Altars:
Fedhas


Innate Abilities, Weirdness & Mutations

You have a beak for a mouth.
You have claws for feet.


Message History

You kill the rat!
Trog sends monsters to punish you. 3 polar bears and a black bear come into view.
You hit the polar bear. You claw the polar bear.
The polar bear is lightly wounded.
The black bear barely misses you. The black bear closely misses you.
The black bear claws you. The polar bear barely misses you.
The polar bear closely misses you. x2
You closely miss the black bear. Your kick misses the black bear.
The polar bear bites you. The polar bear claws you.
The polar bear claws you but does no damage.
The polar bear closely misses you. The polar bear barely misses you.
The polar bear barely misses you. x2
The polar bear claws you.
The polar bear claws you but does no damage.
The black bear bites you!
* * * LOW HITPOINT WARNING * * *
The black bear claws you.
You die...
Fedhas appreciates your contribution to the ecosystem.

#.### ##.....## ### .#
#.# ##...## #.#
##'###### #.# #......#
#.# #.####.# #.# ##.##
##.##########...##
.....)#........hh##.####
.#.##.#.#####..h@h...(..
.#.##.#.# ##.####.####
.#......# #.####.#
.####.### #......# .#
#.# #.###### .####.# #.#
......# #.# ####### #.#
#.# #########


You could see 3 polar bears and a black bear (berserk).

Vanquished Creatures
  Ijyb (D:2)
  Terence (D:2)
  2 adders (D:2)
  A worm (D:2)
  2 giant geckos (D:1)
  4 bats
  6 goblins
  A hobgoblin (D:1)
  6 kobolds
  2 quokkas (D:2)
  3 giant newts (D:1)
  5 rats
34 creatures vanquished.

Vanquished Creatures (others)
  12 toadstools (D:2)
12 creatures vanquished.

Grand Total: 46 creatures vanquished

Notes
Turn   | Place    | Note
--------------------------------------------------------------
     0 | D:1      | zamu the Tengu Berserker began the quest for the Orb.
     0 | D:1      | Reached XP level 1. HP: 14/14 MP: 2/2
    97 | D:1      | Reached XP level 2. HP: 9/19 MP: 3/3
   829 | D:1      | Reached skill level 4 in Long Blades
   986 | D:2      | Found a blossoming altar of Fedhas.
   997 | D:2      | Reached skill level 1 in Stealth
   997 | D:2      | Reached XP level 3. HP: 14/23 MP: 4/4
  1011 | D:2      | Fell from the grace of Trog
  1011 | D:2      | Became a worshipper of Fedhas Madash
  1046 | D:2      | Noticed Ijyb
  1076 | D:2      | Killed Ijyb
  1142 | D:2      | Reached XP level 4. HP: 18/28 MP: 5/5
  1547 | D:2      | Noticed Terence
  1560 | D:2      | Killed Terence
  1564 | D:2      | Acquired Fedhas's first power
  1621 | D:2      | Noticed a black bear
  1621 | D:2      | Noticed a polar bear
  1621 | D:2      | Noticed a polar bear
  1621 | D:2      | Noticed a polar bear
  1623 | D:2      | HP: 1/28 [black bear[the rage of Trog] (8)]
  1623 | D:2      | Slain by a black bear

Vault maps used:
D:1:      mrwooster_arrival_statue_2
D:2:      first_bread, fedhas_altar_3, uniq_iyjb, uniq_terence

Action                   |  1- 3 |  4- 6 || total
-------------------------+-------+-------++-------
Melee: Falchion          |    68 |     6 ||    74
       Trident           |       |    27 ||    27
Throw: Stone             |       |    16 ||    16
  Use: Potion            |       |     3 ||     3
       Scroll            |       |     2 ||     2
 Stab: Sleeping          |     1 |       ||     1
  Eat: Bread ration      |     1 |       ||     1
